 Dungeon Crawl Stone Soup version 0.28-a0-1510-gd0f6b136d3 (webtiles) character file.

Game seed: 17736502531903246475

10 psuckher the Sneak (level 2, -1/20 HPs)
             Began as a Draconian Wanderer on Jan 14, 2022.
             Frozen to death by an endoplasm (5 damage)
             ... on level 1 of the Dungeon.
             The game lasted 00:02:54 (188 turns).

psuckher the Sneak (Draconian Wanderer)              Turns: 188, Time: 00:02:54

Health: -1/20      AC:  5    Str: 14    XL:     2   Next: 10%
Magic:  3/3        EV: 11    Int: 13    God:
Gold:   15         SH:  0    Dex:  9    Spells: 2/3 levels left

rFire   . . .      SeeInvis .   a - +0 hand axe
rCold   . . .      Faith    .   (no shield)
rNeg    . . .      Spirit   .   (armour unavailable)
rPois   .          Reflect  .   (helmet restricted)
rElec   .          Harm     .   b - +0 cloak
rCorr   .          Rampage  .   (no gloves)
Will    .....                   (no boots)
Stlth   ++........              (no amulet)
HPRegen 0.06/turn               (no ring)
MPRegen 0.08/turn               (no ring)

@: no status effects
A: AC +4, unfitting armour, cold-blooded
a: no special abilities


You were on level 1 of the Dungeon.
You visited 1 branch of the dungeon, and saw 1 of its levels.

You collected 15 gold pieces.

Inventory:

Hand Weapons
 a - a +0 hand axe (weapon)
Armour
 b - a +0 cloak (worn)
Scrolls
 c - a scroll of noise
 f - a scroll of teleportation {unknown}


   Skills:
 + Level 2.1 Axes
 + Level 1.0 Throwing
 + Level 1.0 Dodging
 + Level 3.1 Stealth
 + Level 1.0 Spellcasting
 + Level 2.1 Transmutations


You had 2 spell levels left.
You knew the following spells:

 Your Spells              Type           Power      Damage    Failure   Level
a - Beastly Appendage     Tmut           12%        N/A       12%         1

Your spell library contained the following spells:

 Spells                   Type           Power      Damage    Failure   Level
 Wereblood                Tmut           6%         N/A       17%         2
 Passwall                 Tmut/Erth      2%         N/A       26%         2
 Blink                    Tloc           0%         N/A       38%         2
 Lesser Beckoning         Tloc           0%         N/A       63%         3
 Manifold Assault         Tloc           0%         N/A       100%        5


Dungeon Overview and Level Annotations

Branches:
Dungeon (1/15)

Altars:

Shops:
D:1 =


Innate Abilities, Weirdness & Mutations

Your plain brown scales are hard. (AC +4)
You cannot fit into any form of body armour.
You are cold-blooded and may be slowed by cold attacks.


Message History

The kobold hits you with a +0 short sword.
You barely miss the kobold.
The kobold is moderately wounded.
The kobold hits you with a +0 short sword.
You closely miss the kobold.
The kobold is moderately wounded.
The kobold barely misses you.
You slash the kobold!
You kill the kobold!
Things that are here:
a +0 short sword; a kobold corpse A kobold comes into view.
It is wielding a +0 short sword.
The kobold shouts!
You hit the rat.
You kill the rat!
An endoplasm comes into view.
You hit the kobold.
The kobold is heavily wounded.
The kobold hits you but does no damage.
You completely miss the kobold.
Your tail-slap misses the kobold.
The kobold is heavily wounded.
You hit the endoplasm.
The kobold hits you with a +0 short sword.
The endoplasm freezes you.
You are frozen.
You hit the kobold.
The kobold is severely wounded.
You hit the endoplasm but do no damage.
The kobold hits you with a +0 short sword.
The endoplasm barely misses you.
The kobold hits you with a +0 short sword.
* * * LOW HITPOINT WARNING * * *
As you read the scroll of identify, it crumbles to dust.
e - a scroll of summoning The endoplasm closely misses you.
The kobold hits you but does no damage.
As you read the scroll of summoning, it crumbles to dust.
Wisps of shadow whirl around you... The endoplasm freezes you.
You are frozen.
You die...

##...#.#.....#.# #.#
.......#.....#.#####.#
.......##'''##.>.....#
#.............#######
#........##.###
#.......†##.# #...>....##.#
# #..K.....##.# #.
#...K@...##.#
#.######..JJ..K.##.#
...............##.#
#.#.#.####..#.##.# #
#.....####..#.##.#
#..####..K........∩##.####
#........####.).......##.##
#.######...†..............#
######.##########.##


You could see an endoplasm (ally target), a kobold (ally target), a friendly
endoplasm (summoned) and 2 friendly kobolds.

Vanquished Creatures
  An endoplasm (D:1)
  A giant cockroach (D:1)
  4 hobgoblins (D:1)
  A kobold (D:1)
  2 rats (D:1)
9 creatures vanquished.

Notes
Turn   | Place    | Note
-------+----------+-------------------------------------------
     0 | D:1      | psuckher the Draconian Wanderer began the quest for the
                  | Orb.
     0 | D:1      | psuckher set off with the following items: a +0 hand axe, a
                  | +0 cloak; and the following spell memorised: Beastly
                  | Appendage; and the following spells available to memorise:
                  | Wereblood, Passwall
     0 | D:1      | Reached XP level 1. HP: 14/14 MP: 2/2
    84 | D:1      | Found Niopnud's Jewellery Boutique.
   159 | D:1      | Reached skill level 3 in Stealth
   162 | D:1      | Reached XP level 2. HP: 16/20 MP: 3/3
   188 | D:1      | Frozen to death by an endoplasm

Illustrated notes

Levels and vault maps discovered:
D:1:      dpeg_arrival_windows_large_door, layout_loops_ring, serial_shops, shop

Skill      XL: |  1 |
---------------+----+-----
Stealth        | 3 |  3.1
Axes           | |  2.1
Throwing       | |  1.0
Dodging        | |  1.0
Spellcasting   | |  1.0
Transmutations | |  2.1

Action                   || total
-------------------------++-------
Melee: Hand axe          ||    27
       Tailslap          ||     5
  Use: Scroll            ||     4
Armor: Skin              ||     5
Dodge: Dodged            ||    15

Table legend: (Time is in decaauts)
 A = Elapsed time spent in this place.
 B = Non-inter-level travel time spent in this place.
 C = Inter-level travel time spent in this place.
 D = Time resting spent in this place.
 E = Time spent auto-exploring this place.
 F = Levels seen in this place.
 G = Mean time per level.
                   A        B        C        D        E       F      G
               +--------+--------+--------+--------+--------+-----+--------+
         Total |    193 |    193 |      0 |      0 |      0 |   1 |  193.0 |
       Dungeon |    193 |    193 |      0 |      0 |      0 |   1 |  193.0 |
               +--------+--------+--------+--------+--------+-----+--------+

Top non-repeatable levels by time:
     D:1: 193 daAuts
